 Dungeon Crawl Stone Soup version 0.19.1-1-g22dce08 (webtiles) character file.

67 ponk the Grave Robber (level 4, -6/30 HPs)
             Began as a Mummy Necromancer on Jan 11, 2017.
             Mangled by an orc warrior
             ... wielding a +0 dire flail
              (16 damage)
             ... on level 1 of the Dungeon.
             The game lasted 00:12:59 (3141 turns).

ponk the Grave Robber (Mummy Necromancer)           Turns: 3141, Time: 00:13:00

Health: -6/30      AC:  2    Str: 11    XL:     4   Next: 0%
Magic:  3/8        EV: 12    Int: 15    God:
Gold:   30         SH:  0    Dex: 12    Spells: 3 memorised, 4 levels left

rFire  x . .     SeeInvis .     (no weapon)
rCold  + . .     Gourm    .     a - +0 robe
rNeg   + + +     Faith    +     (no shield)
rPois  ∞         Spirit   .     (no helmet)
rElec  .         Reflect  .     (no cloak)
rCorr  .         Harm     .     (no gloves)
MR     .....                    (no boots)
Stlth  ++........               i - amulet of faith
                                (no ring)
                                c - ring of wizardry

@: no status effects
A: no food or potions, fire vulnerability, cold resistance 1, negative energy
resistance 3, torment resistance, unbreathing
a: no special abilities


You were on level 1 of the Dungeon.
You were not hungry.

You visited 1 branch of the dungeon, and saw 2 of its levels.

You collected 30 gold pieces.

Inventory:

Armour
 a - a +0 robe (worn)
Jewellery
 c - a ring of wizardry (left hand)
 i - an amulet of faith (around neck)
Scrolls
 d - 2 scrolls of identify
 e - a scroll of remove curse
 f - 3 scrolls of teleportation
 g - a scroll of enchant armour
 h - a scroll of random uselessness {unknown}
Books
 b - a book of Necromancy

   Spells                             Type                      Level
   a - Pain                           Necromancy                   1
   b - Animate Skeleton               Necromancy                   1
   c - Vampiric Draining              Necromancy                   3
   d - Regeneration                   Charms/Necromancy            3
   e - Animate Dead                   Necromancy                   4
   f - Control Undead                 Necromancy                   4


   Skills:
 - Level 1.5 Dodging
 - Level 1.7 Stealth
 + Level 3.0 Spellcasting
 + Level 4.9 Necromancy


You had 4 spell levels left.
You knew the following spells:

 Your Spells              Type           Power        Failure   Level  Hunger
a - Pain                  Necr           ###.         1%          1    N/A
b - Animate Skeleton      Necr           N/A          1%          1    N/A
c - Vampiric Draining     Necr           ###.......   4%          3    N/A

Dungeon Overview and Level Annotations

Branches:
Dungeon (2/15)

Altars:
Makhleb
Vehumet


Innate Abilities, Weirdness & Mutations

You do not eat or drink.
Your flesh is vulnerable to fire.
You are immune to poison.
Your flesh is cold resistant. (rC+)
You are immune to negative energy. (rN+++)
You are immune to unholy pain and torment.
You can survive without breathing.


Message History

Confirm with . or Enter, or press ? or * to list all spells.
Aiming: Vampiric Draining
Press: ? - help, Shift-Dir - straight line, f/p - orc warrior
Aim: an orc warrior, wielding a dire flail and wearing a plate armour (heavily wounded)
The orc warrior is severely wounded.
You feel life coursing into your body.
The orc warrior hits you with a dire flail!
The orc warrior closely misses you.
Casting: Vampiric Draining
Confirm with . or Enter, or press ? or * to list all spells.
Aiming: Vampiric Draining
Press: ? - help, Shift-Dir - straight line, f/p - orc warrior
Aim: an orc warrior, wielding a dire flail and wearing a plate armour (heavily wounded)
The orc warrior is almost dead.
You feel life coursing into your body.
The orc warrior hits you with a dire flail!
* * * LOW HITPOINT WARNING * * *
The orc warrior hits you with a dire flail!
Ouch! That really hurt!
You die...

.##.##≈≈≈≈≈≈≈######...######.#...
.....#≈≈≈≈≈≈≈#...................
#....'..._...'.#.###########.###.
#...##≈≈≈≈≈≈≈#...#### #......
#...##≈≈≈≈≈≈≈#......# #(###..
....###≈≈≈≈≈###..##.# #.# #..
#.....#######.#..##.# #.# #..
##.###.## ##..#..##.#######.# #..
...####.###....o@...........# #..
.........#....########.########..
#########.###.########...........
### #...................>
#####################


You could see an orc warrior.

Vanquished Creatures
  2 adders (D:2)
  A worm (D:2)
  4 leopard geckos
  An orc (D:2)
  2 giant cockroaches (D:2)
  5 goblins
  5 hobgoblins
  2 jackals (D:1)
  A quokka (D:2)
  2 ball pythons
  5 bats
  4 frilled lizards
  5 kobolds
  A rat (D:1)
40 creatures vanquished.

Vanquished Creatures (collateral kills)
  A hobgoblin (D:2)
  A bat (D:2)
2 creatures vanquished.

Grand Total: 42 creatures vanquished

Notes
Turn   | Place    | Note
-------+----------+-------------------------------------------
     0 | D:1      | ponk the Mummy Necromancer began the quest for the Orb.
     0 | D:1      | Reached XP level 1. HP: 13/13 MP: 3/3
    22 | D:1      | Learned a level 1 spell: Animate Skeleton
   400 | D:1      | Reached XP level 2. HP: 19/19 MP: 3/5
   873 | D:1      | You fall through a shaft!
  1082 | D:2      | Reached XP level 3. HP: 22/24 MP: 0/6
  1253 | D:2      | Found a radiant altar of Vehumet.
  1253 | D:2      | Found a faded altar of an unknown god.
  1267 | D:2      | Found a faded altar of an unknown god.
  1390 | D:2      | Found a faded altar of an unknown god.
  1391 | D:2      | Found a faded altar of an unknown god.
  1775 | D:2      | Learned a level 3 spell: Vampiric Draining
  2098 | D:2      | Noticed an orc warrior
  2229 | D:1      | Found a burning altar of Makhleb.
  2999 | D:2      | Reached XP level 4. HP: 30/30 MP: 3/8
  3141 | D:1      | Mangled by an orc warrior

Skill      XL: |  1  2  3 |
---------------+----------+-----
Spellcasting   | 3 |  3.0
Dodging        | |  1.5
Stealth        | |  1.7
Necromancy     | |  4.9

Action                   |  1- 3 |  4- 6 || total
-------------------------+-------+-------++-------
Melee: Unarmed           |    53 |       ||    53
Throw: Throwing net      |     2 |       ||     2
 Cast: Pain              |    96 |     1 ||    97
       Animate Skeleton  |     4 |     1 ||     5
       Vampiric Draining |     2 |     5 ||     7
  Use: Scroll            |     3 |       ||     3
Armor: Robe              |    26 |       ||    26
Dodge: Dodged            |    75 |     5 ||    80
